 Dungeon Crawl Stone Soup version 0.29.1-13-g9f3cf754e1 (webtiles) character file.

Game seed: 16957456774080086002

188 nightchill the Caller (level 5, 0/30 HPs)
             Began as a Tengu Summoner on Feb 3, 2023.
             Killed from afar by an orc wizard (8 damage)
             ... with a magic dart
             ... on level 3 of the Dungeon.
             The game lasted 00:07:18 (3401 turns).

nightchill the Caller (Tengu Summoner)              Turns: 3401, Time: 00:07:19

Health: 0/30       AC:  2    Str:  8    XL:     5   Next: 67%
Magic:  4/10       EV: 14    Int: 18    God:
Gold:   62         SH:  3    Dex: 14    Spells: 3/9 levels left

rFire   . . .      SeeInvis .   a - +2 whip (elec)
rCold   . . .      Faith    .   g - +0 buckler
rNeg    . . .      Spirit   .   p - +0 robe
rPois   .          Reflect  .   (helmet restricted)
rElec   .          Harm     .   (no cloak)
rCorr   .          Rampage  .   (no gloves)
Will    .....                   (boots unavailable)
Stlth   ++........              (no amulet)
HPRegen 0.10/turn               (no ring)
MPRegen 0.12/turn               (no ring)

@: flying quickly and evasively, quick
A: beak, talons 3, nimble flight
a: no special abilities


You were on level 3 of the Dungeon.
You visited 1 branch of the dungeon, and saw 3 of its levels.

You collected 62 gold pieces.

Inventory:

Hand Weapons
 a - a +2 whip of electrocution (weapon)
 b - a +0 sling
 d - a +0 dagger
Armour
 g - a +0 buckler (worn)
 p - a +0 robe (worn)
Scrolls
 c - a scroll of fear {unknown}
 f - a scroll of magic mapping {unknown}
 k - a scroll of noise {unknown}
 l - a scroll of teleportation {unknown}
 m - a scroll of enchant armour {unknown}
Potions
 e - a potion of haste {unknown}
 h - a potion of heal wounds
 j - a potion of might {unknown}
 n - a potion of magic
 o - a potion of degeneration {unknown}


   Skills:
 + Level 2.1 Fighting
 + Level 2.1 Short Blades
 - Level 2.1 Dodging
 - Level 2.0 Stealth
 + Level 2.9 Spellcasting
 * Level 6.4 Summonings


You had 3 spell levels left.
You knew the following spells:

 Your Spells              Type           Power      Damage    Failure   Level
a - Summon Small Mammal   Summ           100%       N/A       1%          1
b - Call Imp              Summ           25%        N/A       2%          2
c - Call Canine Familiar  Summ           25%        N/A       4%          3

Your spell library contained the following spells:

 Spells                   Type           Power      Damage    Failure   Level
 Summon Guardian Golem    Hex/Summ       14%        N/A       19%         3
 Summon Lightning Spire   Summ/Air       14%        N/A       52%         4


Dungeon Overview and Level Annotations

Branches:
Dungeon (3/15)

Altars:
Makhleb
Yredelemnul

Shops:
D:1 =


Innate Abilities, Weirdness & Mutations

You have a beak for a mouth.
You have claws for feet.
Your magical nature lets you fly swiftly and evasively.


Message History

The orc wizard closely misses you. The orc completely misses your hound.
The orc barely misses you.
Your hound bites the orc wizard.
You hit the orc.
The orc is severely wounded.
The orc hits your hound with a +0 mace.
The orc priest mumbles some strange prayers to Beogh against you.
Your hound barely resists.
Your hound barely misses the orc priest.
Your white imp hits the orc wizard but does no damage.
The orc closely misses you.
The orc wizard hits your hound with a +0 dagger.
The orc closely misses you. The orc hits your hound with a +0 mace!
Your hound dies!
Your hound's corpse disappears in a puff of smoke!
You barely miss the orc.
The orc is severely wounded.
Your white imp hits the orc wizard.
Your white imp freezes the orc wizard.
The orc closely misses you.
The orc drinks a potion.
The orc is healed!
You barely miss the orc. You claw the orc. Your peck misses the orc.
The orc is moderately wounded.
Your white imp barely misses the orc wizard.
The orc hits you with a +0 short sword. You block the orc's attack.
The orc wizard hits your white imp but does no damage.
The orc hits your white imp with a +0 mace.
You hit the orc. Your kick misses the orc.
The orc is heavily wounded.
The orc closely misses you.
Your white imp closely misses the orc wizard.
The orc hits you with a +0 short sword.
The orc hits your white imp with a +0 mace.
The orc priest invokes the aid of Beogh against you.
Beogh smites you!
* * * LOW HITPOINT WARNING * * *
Your white imp barely misses the orc.
Your white imp gestures at the orc.
The puff of frost hits the orc!
The orc dies!
The orc wizard points at you and mumbles some strange words.
The magic dart hits you!
You die...

......# ......# ......#
......##########################
......'.....................>..#
......######################.#.#
......'...########## #.#.#
......#............# ###.#.#
..)...#.........@o.#######.....##
......#............)............#
.......##'#########o5.....##.##.#
.............[......o.........#.#
........)....#####.........#..#.#
.....######..## #............#.#
.....#⌠...##..# #............#.#
..8'8#.._..#..# #.....~~♣....#.#
..#.######.#..## #...~~~.~....#.#


You could see an orc priest, an orc wizard, an orc and a friendly white imp
(summoned).

Vanquished Creatures
  An orc priest (D:2)
  Jessica (D:2)
  A gnoll (D:3)
  2 adders
  A worm (D:3)
  An orc (D:2)
  An endoplasm (D:3)
  4 giant cockroaches
  7 goblins
  4 hobgoblins
  2 jackals (D:1)
  2 kobolds (D:1)
  2 ball pythons
  4 bats
  4 frilled lizards
  2 rats (D:2)
39 creatures vanquished.

Vanquished Creatures (collateral kills)
  2 gnolls (D:3)
  An adder (D:2)
  2 worms
  6 orcs
  An endoplasm (D:1)
  A goblin (D:2)
  3 hobgoblins
  2 jackals (D:1)
  A quokka (D:3)
  A ball python (D:1)
  3 bats
  A kobold (D:3)
24 creatures vanquished.

Vanquished Creatures (others)
  A plant (D:3)
1 creature vanquished.

Grand Total: 64 creatures vanquished

Notes
Turn   | Place    | Note
-------+----------+-------------------------------------------
     0 | D:1      | nightchill the Tengu Summoner began the quest for the Orb.
     0 | D:1      | Reached XP level 1. HP: 10/10 MP: 4/4
   244 | D:1      | Reached skill level 5 in Summonings
   278 | D:1      | Reached XP level 2. HP: 16/16 MP: 4/6
   320 | D:1      | Learned a level 2 spell: Call Imp
   594 | D:1      | Found Karchopsu's Jewellery Shoppe.
   900 | D:1      | Found a faded altar of an unknown god.
  1023 | D:2      | Reached skill level 1 in Fighting
  1046 | D:2      | Reached XP level 3. HP: 19/20 MP: 7/7
  1171 | D:2      | Learned a level 3 spell: Call Canine Familiar
  1227 | D:2      | Reached skill level 1 in Short Blades
  1227 | D:2      | Reached XP level 4. HP: 15/25 MP: 8/8
  2248 | D:2      | Reached skill level 6 in Summonings
  2571 | D:2      | Noticed Jessica
  2574 | D:2      | Killed Jessica
  2575 | D:2      | Gained mutation: Your magical nature lets you fly swiftly
                  | and evasively. [Tengu growth]
  2575 | D:2      | Reached XP level 5. HP: 30/30 MP: 6/10
  2836 | D:3      | Found a large runed translucent door.
  2837 | D:3      | Found a large runed translucent door.
  2851 | D:3      | Found a basalt altar of Yredelemnul.
  2859 | D:3      | Found a burning altar of Makhleb.
  3401 | D:3      | Killed from afar by an orc wizard

Illustrated notes

Levels and vault maps discovered:
D:1:      minmay_arrival_jagged, layout_basic,
          shapermc_ecumenical_altar_notcrosses, serial_shops,
          nicolae_shop_behind_doors, st_stairs_3, minmay_misc_feat_rows
D:2:      layout_loops_ring, corexii_shack, kennysheep_doodads,
          guppyfry_early_orc_mine, uniq_jessica
D:3:      layout_basic, jmf_multi_god_temple2, serial_shops,
          nicolae_lakefront_shop, serial_bayou_pond_e, uniq_natasha

Skill      XL: |  1  2  3  4  5 |
---------------+----------------+-----
Summonings     | 5 6 |  6.4
Fighting       | 1 2 |  2.1
Short Blades   | 1 2 |  2.1
Dodging        | |  2.1
Stealth        | |  2.0
Spellcasting   | |  2.9

Action                   |  1- 3 |  4- 6 || total
-------------------------+-------+-------++-------
Melee: Unarmed           |    11 |       ||    11
       Kick              |    17 |    19 ||    36
       Dagger            |    52 |    41 ||    93
       Peck              |     7 |     8 ||    15
       Whip              |       |    23 ||    23
 Cast: Summon Small Mamm |    13 |     5 ||    18
       Call Imp          |     2 |    13 ||    15
       Call Canine Famil |     1 |     6 ||     7
  Use: Potion            |       |     3 ||     3
 Stab: Sleeping          |     3 |     3 ||     6
Armor: Robe              |     8 |     8 ||    16
Dodge: Dodged            |    59 |    42 ||   101
Block: Buckler           |     7 |     8 ||    15
